 Dungeon Crawl Stone Soup version 0.22.0-25-g7663229ff0 (webtiles) character file.

2449 Peloso the Carver (level 9, 0/77 (78) HPs)
             Began as a Minotaur Fighter on Aug 21, 2018.
             Was a Follower of Okawaru.
             Slain by a black bear (3 damage)
             ... on level 7 of the Dungeon.
             The game lasted 00:16:28 (6226 turns).

Peloso the Carver (Minotaur Fighter)                Turns: 6226, Time: 00:16:29

HP:   0/77 (78)     AC: 15    Str: 22    XL:     9   Next: 25%
MP:   8/8           EV:  7    Int:  5    God:    Okawaru [*.....]
Gold: 279           SH: 12    Dex: 12    Spells: 8/8 levels left

rFire    + . .     SeeInvis .   a - +0 falchion (slice)
rCold    x . .     Gourm    .   c - +1 shield
rNeg     . . .     Faith    .   b - +0 plate armour
rPois    .         Spirit   .   (helmet restricted)
rElec    .         Reflect  .   q - +0 cloak
rCorr    .         Harm     .   h - +0 pair of gloves
MR       .....                  (no boots)
Stlth    ..........             (no amulet)
HPRegen  0.22/turn              p - ring of fire
MPRegen  0.11/turn              i - ring of attention (curse)

@: no status effects
A: retaliatory headbutt, horns 2
a: Heroism, Renounce Religion


You were on level 7 of the Dungeon.
You worshipped Okawaru.
Okawaru was aware of your devotion.
You were very hungry.

You visited 2 branches of the dungeon, and saw 8 of its levels.
You also visited: Sewer.

You collected 279 gold pieces.

Inventory:

Hand Weapons
 a - a +0 falchion of slicing (weapon)
 v - a +1 falchion of holy wrath
Armour
 b - a +0 plate armour (worn)
 c - a +1 shield (worn)
 h - a +0 pair of gloves (worn)
 q - a +0 cloak (worn)
Jewellery
 i - a cursed ring of attention (right hand)
 m - an uncursed ring of poison resistance
 p - a ring of fire (left hand)
Scrolls
 e - 2 scrolls of random uselessness {unknown}
 g - a scroll of blinking
 j - 5 scrolls of amnesia
 k - 2 scrolls of fog
 n - 3 scrolls of remove curse {unknown}
 o - 2 scrolls of teleportation
 u - a scroll of identify
Potions
 d - 2 potions of might
 l - a potion of brilliance {unknown}
 r - 2 potions of heal wounds {unknown}
 s - a potion of curing {unknown}
 w - 2 potions of cancellation {unknown}
Comestibles
 f - 10 rations


   Skills:
 + Level 6.9 Fighting
 + Level 8.9 Long Blades
 + Level 7.0 Armour
 + Level 3.3 Dodging
 + Level 1.0 Stealth
 + Level 8.6 Shields


You had 8 spell levels left.
You didn't know any spells.
Your spell library was empty.

Dungeon Overview and Level Annotations

Branches:
Dungeon (7/15)             Temple (1/1) D:6

Altars:
Ashenzari
Elyvilon
Fedhas
Gozag
Makhleb
Nemelex Xobeh
Okawaru
Ru
Sif Muna
Trog
Vehumet
Wu Jian
The Shining One

Shops:
D:5 *

Annotations:
D:6 2 transporters, Eurus's ghost, novice NaWr


Innate Abilities, Weirdness & Mutations

You reflexively headbutt those who attack you in melee.
You have a pair of horns on your head.


Message History

Unknown command.
You hit the ogre.
You kill the ogre!
Okawaru accepts your kill.
The black bear bites you but does no damage.
You block the black bear's attack. The black bear claws you.
* * * LOW HITPOINT WARNING * * *
Unknown command.
Okay, then.
You slash the black bear!
The black bear is almost dead.
You block the black bear's attack. The black bear claws you.
* * * LOW HITPOINT WARNING * * *
The black bear claws you but does no damage.
The black bear bites you but does no damage.
You block the black bear's attack.
The black bear claws you but does no damage.
The black bear bites you but does no damage.
The black bear claws you.
You die...

#..........###..##......
#....##....# .#..#.#####
####....).....#.. #.# #
.....!.......##.# .#
..............## ##
.........$...##
#............#
....##...)>..##
.##.##.....@..#
#.!......h.##
...#....)..###
...#..#.#o#..# ..
##....)(.##
........)...#
..........##.#
........... ..(
............ ....


You could see a black bear (berserk) and an orc.

Vanquished Creatures
  2 ice beasts
  A sky beast (D:6)
  A necrophage (D:6)
  2 centaurs
  5 ogres
  3 bullfrogs
  A scorpion (D:6)
  4 crimson imps
  A jelly (D:5)
  2 bullfrog zombies (D:6)
  3 hounds
  8 orc priests
  Crazy Yiuf (D:5)
  A bullfrog skeleton (D:6)
  3 orc wizards
  4 worker ants
  3 iguanas (D:4)
  A hound zombie (D:6)
  A worker ant zombie (D:5)
  A howler monkey zombie (D:6)
  A howler monkey skeleton (D:5)
  12 adders
  6 oozes (Sewer)
  5 worms
  3 dart slugs
  13 leopard geckos
  24 orcs
  8 ball pythons
  7 bats
  12 giant cockroaches
  6 goblins
  6 hobgoblins
  10 jackals
  13 kobolds
  3 quokkas (D:3)
  16 frilled lizards
  A leopard gecko skeleton (D:5)
  A quokka skeleton (D:5)
  9 rats
  2 bushes (D:1)
206 creatures vanquished.

Notes
Turn   | Place    | Note
-------+----------+-------------------------------------------
     0 | D:1      | Peloso the Minotaur Fighter began the quest for the Orb.
     0 | D:1      | Reached XP level 1. HP: 19/19 MP: 0/0
   140 | D:1      | Reached XP level 2. HP: 27/27 MP: 1/1
   529 | D:1      | Reached XP level 3. HP: 33/33 MP: 2/2
  1000 | D:2      | Reached XP level 4. HP: 32/40 MP: 3/3
  1319 | D:3      | Reached skill level 1 in Dodging
  1506 | D:3      | Reached XP level 5. HP: 30/46 MP: 4/4
  1828 | D:3      | Reached skill level 5 in Armour
  2307 | D:4      | Reached skill level 5 in Shields
  2359 | D:4      | Reached XP level 6. HP: 38/52 MP: 5/5
  2460 | D:4      | Reached skill level 5 in Long Blades
  2575 | D:4      | Found a sparkling altar of Nemelex Xobeh.
  2833 | D:4      | Found a glowing drain.
  2838 | Sewer    | Entered a sewer
  3119 | Sewer    | Reached XP level 7. HP: 42/60 MP: 6/6
  3854 | D:5      | Entered Level 5 of the Dungeon
  3854 | D:5      | Found Buzat's Assorted Antiques.
  3916 | D:5      | Reached skill level 5 in Fighting
  4458 | D:5      | Found a runed door.
  4462 | D:5      | Noticed Crazy Yiuf
  4468 | D:5      | Killed Crazy Yiuf
  4515 | D:5      | Reached XP level 8. HP: 56/69 MP: 7/7
  4944 | D:5      | Found a white marble altar of Elyvilon.
  5091 | D:6      | Found a transporter.
  5138 | D:6      | Found a transporter.
  5139 | D:6      | Noticed Eurus's ghost (novice NaWr)
  5208 | D:6      | Reached skill level 1 in Stealth
  5471 | D:6      | Found a staircase to the Ecumenical Temple.
  5481 | Temple   | Entered the Ecumenical Temple
  5575 | Temple   | Became a worshipper of Warmaster Okawaru
  5888 | D:6      | Reached XP level 9. HP: 44/74 MP: 8/8
  6208 | D:7      | Reached * piety under Okawaru
  6224 | D:7      | HP: 3/77 [black bear (6)]
  6226 | D:7      | Slain by a black bear

Skill      XL: |  1  2  3  4  5  6  7  8  9 |
---------------+----------------------------+-----
Armour         | 4 5 6 7 |  7.0
Shields        | 4 5 7 8 |  8.6
Fighting       | 4 5 6 |  6.9
Long Blades    | 3 4 5 6 8 |  8.9
Dodging        | 1 2 3 |  3.3
Stealth        | 1 |  1.0

Action                   |  1- 3 |  4- 6 |  7- 9 || total
-------------------------+-------+-------+-------++-------
Melee: Long sword        |   236 |   239 |   203 ||   678
       Headbutt          |    67 |    40 |    67 ||   174
       Falchion          |       |       |    91 ||    91
  Use: Scroll            |       |     6 |       ||     6
  Eat: Chunk             |       |     8 |     3 ||    11
       Ration            |       |       |     2 ||     2
Armor: Scale mail        |    38 |       |       ||    38
       Chain mail        |    21 |   126 |    75 ||   222
       Skin              |       |       |    10 ||    10
       Plate armour      |       |       |    53 ||    53
Dodge: Dodged            |    39 |    71 |    76 ||   186
Block: Shield            |    88 |   174 |   219 ||   481
       Rpst.: Long sword |    11 |    19 |    13 ||    43
       Falchion          |       |       |     5 ||     5
